 Dungeon Crawl Stone Soup version 0.20.0 (webtiles) character file.

134 chickenpie the Chopper (level 4, -4/41 HPs)
             Began as a Minotaur Berserker on May 30, 2017.
             Was a Believer of Trog.
             Slain by an orc
             ... wielding a +0 trident
              (10 damage)
             ... on level 3 of the Dungeon.
             The game lasted 00:03:17 (1462 turns).

chickenpie the Chopper (Minotaur Berserker)         Turns: 1462, Time: 00:03:18

Health: -4/41      AC:  0    Str: 22    XL:     4   Next: 95%
Magic:  3/3        EV: 20    Int:  4    God:    Trog [**....]
Gold:   126        SH:  0    Dex: 15    Spells: 3/3 levels left

rFire    . . .     SeeInvis .   (weapon currently unavailable)
rCold    . . .     Gourm    .   (shield currently unavailable)
rNeg     . . .     Faith    .   (armour currently unavailable)
rPois    .         Spirit   .   (helmet currently unavailable)
rElec    .         Reflect  .   (cloak currently unavailable)
rCorr    .         Harm     +   (gloves currently unavailable)
MR       .....                  (boots currently unavailable)
Stlth    +.........             o - amulet of harm
Regen    0.2/turn               (ring currently unavailable)
MPRegen  0.1/turn               (ring currently unavailable)

@: bat-form, berserk cooldown, flying, slowed, quick
A: (retaliatory headbutt)
a: Berserk, Trog's Hand, Burn Spellbooks, Renounce Religion


You were on level 3 of the Dungeon.
You worshipped Trog.
Trog was pleased with you.
You were not hungry.
You were in bat-form.
You visited 1 branch of the dungeon, and saw 3 of its levels.

You collected 126 gold pieces.

Inventory:

Hand Weapons
 a - a +0 hand axe (melded)
Armour
 b - a +0 animal skin
 f - a +3 ring mail (melded)
Jewellery
 m - an uncursed amulet of magic regeneration
 o - an amulet of harm (around neck)
Scrolls
 d - a scroll of enchant weapon {unknown}
 e - a scroll of magic mapping {unknown}
 g - 5 scrolls of identify {unknown}
 h - 3 scrolls of remove curse {unknown}
 i - a scroll of amnesia {unknown}
 q - a scroll of teleportation {unknown}
Potions
 j - a potion of might {unknown}
 k - a potion of degeneration {unknown}
 l - 3 potions of invisibility {unknown}
 n - 3 potions of agility {unknown}
 p - a potion of resistance {unknown}
 r - a potion of curing {unknown}
Comestibles
 c - a bread ration
 s - a royal jelly


   Skills:
 + Level 4.8 Fighting
 + Level 5.0 Axes
 + Level 3.3 Armour
 + Level 2.7 Dodging
 + Level 0.1 Stealth
 + Level 0.2 Unarmed Combat


You had 3 spell levels left.
You didn't know any spells.

Dungeon Overview and Level Annotations

Branches:
Dungeon (3/15)

Altars:
Ashenzari


Innate Abilities, Weirdness & Mutations

((You reflexively headbutt those who attack you in melee.))
((You have a pair of horns on your head.))


Message History

You feel yourself slow down. The bat misses you.
The orc hits you from afar with a trident.
You hit the orc.
The orc is lightly wounded.
The bat completely misses you. The orc completely misses you.
The orc hits you from afar with a trident.
* * * LOW HITPOINT WARNING * * *
The bat barely misses you.
You hit the orc.
The orc is moderately wounded.
The bat barely misses you. The orc barely misses you.
The orc closely misses you. The bat misses you. The orc closely misses you.
The orc misses you. The orc closely misses you.
You hit the orc but do no damage.
The orc is moderately wounded.
The bat misses you. The orc closely misses you. The orc misses you.
The orc hits you.
* * * LOW HITPOINT WARNING * * *
The orc hits you from afar with a trident!
You die...

#..# #..# ## #..#
.$ #..## ####. ....
##.... #..#
##..>..### #..#
.......ob#######).#
.#.....o.((b(...).#
##....#o###.###..#
####.#..$..# #..#
#.#####.###..# #.
#......# $.
###.##.#
#########.##.##
#.....<.....#


You could see 3 orcs and a bat.

Vanquished Creatures
  An orc wizard (D:3)
  Natasha (D:3)
  Robin (D:2)
  2 adders (D:2)
  An ooze (D:1)
  A dart slug (D:2)
  2 leopard geckos (D:1)
  An orc (D:3)
  3 giant cockroaches (D:1)
  12 goblins
  4 hobgoblins
  2 kobolds (D:1)
  A quokka (D:2)
  5 bats
  A frilled lizard (D:1)
  5 rats
43 creatures vanquished.

Notes
Turn   | Place    | Note
-------+----------+-------------------------------------------
     0 | D:1      | chickenpie the Minotaur Berserker began the quest for the Orb.
     0 | D:1      | Reached XP level 1. HP: 19/19 MP: 0/0
   148 | D:1      | Reached XP level 2. HP: 25/27 MP: 1/1
   199 | D:1      | Found a shattered altar of Ashenzari.
   293 | D:1      | Reached skill level 4 in Axes
   789 | D:2      | Reached XP level 3. HP: 34/34 MP: 2/2
   831 | D:2      | Noticed Robin
   837 | D:2      | Reached ** piety under Trog
   843 | D:2      | Killed Robin
  1150 | D:2      | Reached XP level 4. HP: 41/41 MP: 3/3
  1438 | D:3      | Noticed Natasha
  1448 | D:3      | Killed Natasha
  1457 | D:3      | Reached skill level 5 in Axes
  1462 | D:3      | Slain by an orc

Skill      XL: |  1  2  3  4 |
---------------+-------------+-----
Fighting       | 4 |  4.8
Axes           | 4 5 |  5.0
Armour         | 3 |  3.3
Dodging        | |  2.7
Stealth        | |  0.1
Unarmed Combat | |  0.2

Action                   |  1- 3 |  4- 6 || total
-------------------------+-------+-------++-------
Melee: Hand axe          |    52 |     5 ||    57
       Headbutt          |     9 |       ||     9
       Unarmed           |       |    15 ||    15
Invok: Berserk           |     1 |     1 ||     2
       Burn Spellbooks   |     1 |       ||     1
  Eat: Bread ration      |     1 |       ||     1
       Chunk             |     1 |       ||     1
Armor: Ring mail         |    21 |     1 ||    22
Dodge: Dodged            |    38 |    45 ||    83
